 Dungeon Crawl Stone Soup version 0.30-a0-802-gb92711bcdf (webtiles) character file.

Game seed: 4203935644955708542

130 sircluck the Covert (level 5, -2/47 HPs)
             Began as a Gnoll Delver on Feb 24, 2023.
             Succumbed to an orc wizard's poison
             ... on level 5 of the Dungeon.
             The game lasted 00:00:58 (679 turns).

sircluck the Covert (Gnoll Delver)                   Turns: 679, Time: 00:00:59

Health: -2/47      AC:  3    Str: 11    XL:     5   Next: 13%
Magic:  7/7        EV: 13    Int:  9    God:
Gold:   17         SH:  0    Dex: 16    Spells: 6/6 levels left

rFire   . . .      SeeInvis .    a - +0 spear
rCold   . . .      Faith    .    (no shield)
rNeg    . . .      Spirit   .    b - +0 leather armour
rPois   .          Reflect  .    (no helmet)
rElec   .          Harm     .    (no cloak)
rCorr   .          Rampage  .    (no gloves)
Will    .....                    (no boots)
Stlth   ++++                     (no amulet)
HPRegen 0.27/turn                (no ring)
MPRegen 0.10/turn                (no ring)

@: lethally poisoned (-2 -> -13)
A: fangs 1, strong nose, distributed training
a: no special abilities


You were on level 5 of the Dungeon.
You visited 1 branch of the dungeon, and saw 1 of its levels.

You collected 17 gold pieces.

Inventory:

Hand Weapons
 a - a +0 spear (weapon)
Armour
 b - a +0 leather armour (worn)
Wands
 g - a wand of digging (3)
 l - a wand of mindburst (6)
 m - a wand of flame (5)
Scrolls
 c - a scroll of fog
 d - a scroll of magic mapping
 h - a scroll of poison {unknown}
 i - a scroll of identify {unknown}
 j - 3 scrolls of noise {unknown}
Potions
 f - a potion of haste
 k - a potion of curing {unknown}


   Skills:
 + Level 6.7 Fighting
 + Level 1.4 Short Blades
 + Level 1.4 Long Blades
 + Level 1.4 Axes
 + Level 1.4 Maces & Flails
 + Level 4.7 Polearms
 + Level 1.4 Staves
 + Level 1.4 Ranged Weapons
 + Level 1.4 Throwing
 + Level 1.4 Armour
 + Level 4.7 Dodging
 + Level 9.7 Stealth
 + Level 1.4 Shields
 + Level 1.4 Unarmed Combat
 + Level 1.4 Spellcasting
 + Level 1.1 Conjurations
 + Level 1.1 Hexes
 + Level 1.1 Summonings
 + Level 1.1 Necromancy
 + Level 1.1 Translocations
 + Level 1.1 Transmutations
 + Level 1.1 Fire Magic
 + Level 1.1 Ice Magic
 + Level 1.1 Air Magic
 + Level 1.1 Earth Magic
 + Level 1.1 Poison Magic
 + Level 1.6 Invocations
 + Level 1.4 Evocations


You had 6 spell levels left.
You didn't know any spells.
Your spell library contained the following spells:

 Spells                   Type           Power      Damage    Failure   Level
 Ozocubu's Armour         Ice            2%         N/A       65%         3
 Ozocubu's Refrigeration  Ice            1%         4d7       100%        7


Dungeon Overview and Level Annotations

Branches:
Dungeon (5/15)
 Temple: D:4-7

Altars:
Hepliaklqana


Innate Abilities, Weirdness & Mutations

You have very sharp teeth.
Your uncanny sense of smell can sniff out nearby items.
Your experience applies equally to all skills.


Message History

The orc priest completely misses you. The orc hits you but does no damage.
The orc wizard points at you and mumbles some strange words.
The puff of flame hits you.
You barely miss the orc wizard.
You feel sick. The orc priest closely misses you. The orc misses you.
The orc wizard hits you with a +2 dagger of venom.
You are more poisoned.
You are too injured to fight recklessly!
You barely miss the orc wizard.
You feel very sick.
You closely miss the orc wizard.
You bite the orc wizard, but do no damage.
You feel very sick. The orc wizard misses you.
The orc priest barely misses you. The orc completely misses you.
Aiming: Mindburst
Press: ? - help, Q - select action, (/) - cycle Shift-Dir - straight line, f - orc wizard, p - orc priest
Aim: an orc wizard, wielding a +2 dagger of venom and wearing a +0 robe (chance to affect: 71%)
The orc wizard struggles to resist.
You feel sick. The orc priest misses you.
The orc wizard hits you with a +2 dagger of venom.
* * * LOW HITPOINT WARNING * * *
You are more poisoned.
The orc barely misses you.
Read: scroll of fear
Press: ? - help, Q - select action, (/) - cycle Dir - look around, f - activate Look: an orc wizard, wielding a +2 dagger of venom and wearing a +0 robe (chance to affect: 97%)
As you read the scroll of fear, it crumbles to dust.
You assume a fearsome visage.
The orc wizard looks frightened!
The orc looks frightened!
The orc priest looks frightened!
The orc priest looks frightened!
* * * LOW HITPOINT WARNING * * *
You feel very sick.
The orc wizard gestures wildly while chanting.
The orc wizard flickers and vanishes!
Deactivating autopickup; reactivate with Ctrl-A.
* * * LOW HITPOINT WARNING * * *
You feel very sick.
You die...

#..## ##..# ##.## # #..#
.## ##.# ..# #.# #.#
#.#######.# ##
##......##.#
.######....##...@##
..........####....######.#
#..#####..###............#
#### ##..#...##....oo.##
#.....###....o.## ##...##
#.####.# ##### ..# # #####
##.# .....## #####..


You could see an orc priest (fleeing) and an orc (fleeing).

Vanquished Creatures
  A necrophage (D:5)
  A hound (D:5)
  An iguana (D:5)
  An adder (D:5)
  A shadow imp (D:5)
5 creatures vanquished.

Notes
Turn   | Place    | Note
-------+----------+-------------------------------------------
     0 | D:5      | Reached skill level 9 in Stealth
     0 | D:5      | sircluck the Gnoll Delver began the quest for the Orb.
     0 | D:5      | Reached XP level 1. HP: 23/23 MP: 1/1
    14 | D:5      | Noticed an iguana
    39 | D:5      | Killed an iguana
    40 | D:5      | Reached XP level 2. HP: 9/29 MP: 2/2
    40 | D:5      | Reached XP level 3. HP: 11/35 MP: 3/3
   180 | D:5      | Found a hazy altar of Hepliaklqana.
   194 | D:5      | Reached skill level 1 in Invocations
   379 | D:5      | Noticed a necrophage
   414 | D:5      | Killed a necrophage
   415 | D:5      | Reached skill level 1 in Short Blades
   415 | D:5      | Reached skill level 1 in Long Blades
   415 | D:5      | Reached skill level 1 in Axes
   415 | D:5      | Reached skill level 1 in Maces & Flails
   415 | D:5      | Reached skill level 1 in Staves
   415 | D:5      | Reached skill level 1 in Ranged Weapons
   415 | D:5      | Reached skill level 1 in Throwing
   415 | D:5      | Reached skill level 1 in Armour
   415 | D:5      | Reached skill level 1 in Shields
   415 | D:5      | Reached skill level 1 in Unarmed Combat
   415 | D:5      | Reached skill level 1 in Spellcasting
   415 | D:5      | Reached skill level 1 in Conjurations
   415 | D:5      | Reached skill level 1 in Hexes
   415 | D:5      | Reached skill level 1 in Summonings
   415 | D:5      | Reached skill level 1 in Necromancy
   415 | D:5      | Reached skill level 1 in Translocations
   415 | D:5      | Reached skill level 1 in Transmutations
   415 | D:5      | Reached skill level 1 in Fire Magic
   415 | D:5      | Reached skill level 1 in Ice Magic
   415 | D:5      | Reached skill level 1 in Air Magic
   415 | D:5      | Reached skill level 1 in Earth Magic
   415 | D:5      | Reached skill level 1 in Poison Magic
   415 | D:5      | Reached skill level 1 in Evocations
   415 | D:5      | Reached XP level 4. HP: 11/41 MP: 5/5
   563 | D:5      | Reached XP level 5. HP: 37/47 MP: 5/7
   678 | D:5      | HP: 1/47 [poisoned by an orc wizard]
   679 | D:5      | Succumbed to an orc wizard's poison

Illustrated notes

Levels and vault maps discovered:
D:5:      layout_layer_cave, mainiacjoe_overflow_paths,
          corexii_leaking_fountain, st_stairs_4

Skill      XL: |  1  2  3 |
---------------+----------+-----
Stealth        | |  9.7
Invocations    | 1 |  1.6
Short Blades   | 1 |  1.4
Long Blades    | 1 |  1.4
Axes           | 1 |  1.4
Maces & Flails | 1 |  1.4
Staves         | 1 |  1.4
Ranged Weapons | 1 |  1.4
Throwing       | 1 |  1.4
Armour         | 1 |  1.4
Shields        | 1 |  1.4
Unarmed Combat | 1 |  1.4
Spellcasting   | 1 |  1.4
Conjurations   | 1 |  1.1
Hexes          | 1 |  1.1
Summonings     | 1 |  1.1
Necromancy     | 1 |  1.1
Translocations | 1 |  1.1
Transmutations | 1 |  1.1
Fire Magic     | 1 |  1.1
Ice Magic      | 1 |  1.1
Air Magic      | 1 |  1.1
Earth Magic    | 1 |  1.1
Poison Magic   | 1 |  1.1
Evocations     | 1 |  1.4
Fighting       | |  6.7
Polearms       | |  4.7
Dodging        | |  4.7

Action                     |  1- 3 |  4- 6 || total
---------------------------+-------+-------++-------
  Melee: Spear             |    63 |    22 ||    85
         Bite              |     6 |     2 ||     8
  Evoke: Wand              |       |     1 ||     1
    Use: Scroll            |       |     1 ||     1
   Stab: Sleeping          |       |     1 ||     1
 Armour: Leather armour    |     7 |     4 ||    11
  Dodge: Dodged            |    32 |    13 ||    45

Table legend: (Time is in decaauts)
 A = Elapsed time spent in this place.
 B = Non-inter-level travel time spent in this place.
 C = Inter-level travel time spent in this place.
 D = Time resting spent in this place.
 E = Time spent auto-exploring this place.
 F = Levels seen in this place.
 G = Mean time per level.
                   A        B        C        D        E       F      G
               +--------+--------+--------+--------+--------+-----+--------+
         Total |    667 |    667 |      0 |    113 |    432 |   1 |  667.0 |
       Dungeon |    667 |    667 |      0 |    113 |    432 |   1 |  667.0 |
               +--------+--------+--------+--------+--------+-----+--------+

Top non-repeatable levels by time:
     D:5: 667 daAuts
